Map: Catalyst LE

Players

TYTY (TY) - Winner!

  • Race: Terran Terran
  • League: Diamond
  • Spawn Location: 11:00

Maru

  • Race: Terran Terran
  • Spawn Location: 5:00

Event: IEM Season 12 - Katowice

VOD

Have the link to the VOD?

Description

Time

  • Played on: March 1, 2018, 9 a.m.
  • Length: 14:27

All games in this series

Show
View Real Time Build Order
Export as new Build Order

TYTY Terran - Winner!

Build Orders: Bio Tank 

Get SALT Encoding   

  12  0:00  SCV  
  13  0:12  SCV  
  14  0:19  Supply Depot  
  14  0:24  SCV  
  15  0:29  Refinery  
  15  0:41  SCV  
  16  0:44  Barracks  
  16  0:53  SCV  
  16  0:55  Refinery  
  17  1:05  SCV  
  18  1:17  SCV  
  20  1:33  Orbital Command, Factory  
  20  1:35  Reaper  
  20  1:45  Supply Depot  
  20  1:59  SCV  
  21  2:07  Reaper  
  22  2:11  SCV  
  23  2:18  Hellion  
  25  2:23  SCV  
  26  2:30  Command Center  
  26  2:35  SCV  
  27  2:40  Starport  
  27  2:42  Barracks Reactor  
  27  2:47  Factory Tech Lab  
  27  2:48  SCV  
  28  2:54  Supply Depot  
  28  3:00  SCV  
  29  3:19  SCV  
  29  3:22  Hellion x2  
  29  3:24  Raven  
  29  3:26  Marine  
  36  3:31  SCV  
  37  3:43  SCV  
  38  3:50  Supply Depot  
  38  3:53  Cyclone  
  38  3:56  SCV  
  38  3:57  Cyclone  
  38  3:58  Orbital Command  
  42  4:08  SCV  
  40  4:20  SCV  
  40  4:23  SCV  
  42  4:26  Raven  
  44  4:32  SCV, Marine  
  44  4:33  Marine  
  44  4:35  SCV, Factory Tech Lab  
  47  4:44  SCV  
  48  4:47  SCV  
  48  4:48  Command Center  
  48  4:50  Marine  
  48  4:51  Marine  
  51  4:56  SCV, Siege Tank  
  51  4:59  SCV  
  56  5:02  Refinery  
  56  5:08  SCV, Engineering Bay  
  56  5:11  SCV  
  58  5:15  Viking  
  58  5:20  SCV  
  58  5:21  Refinery  
  62  5:22  Supply Depot  
  62  5:24  SCV  
  62  5:32  SCV  
  62  5:33  Siege Tank  
  62  5:34  Marine  
  61  5:37  SCV  
  60  5:44  SCV  
  60  5:46  Stimpack  
  60  5:49  SCV  
  62  5:52  Marine  
  62  5:54  Barracks  
  62  5:57  Starport Reactor, SCV  
  64  5:59  Barracks  
  64  6:03  SCV  
  65  6:05  Missile Turret, Terran Infantry Weapons Level 1  
  65  6:09  SCV  
  65  6:10  Marine  
  62  6:15  SCV  
  61  6:21  SCV  
  61  6:23  Siege Tank  
  65  6:28  SCV, Marine  
  65  6:29  Orbital Command  
  67  6:33  SCV  
  67  6:34  Missile Turret  
  68  6:42  Starport Reactor  
  68  6:45  SCV x2  
  68  6:46  Marine x3  
  73  6:58  Siege Tank  
  73  6:59  SCV x2  
  78  7:03  Engineering Bay  
  78  7:04  Marine x2  
  78  7:05  Marine  
  78  7:06  Marine x2  
  82  7:10  Supply Depot  
  82  7:11  SCV  
  82  7:12  Orbital Command  
  82  7:15  SCV  
  83  7:21  Marine x2  
  82  7:23  SCV, Marine x2  
  85  7:30  Terran Infantry Armor Level 1  
  85  7:31  Marine  
  85  7:32  Medivac x2  
  85  7:34  Missile Turret  
  92  7:39  Marine  
  91  7:44  Missile Turret, Marine x2  
  91  7:48  Combat Shields  
  93  7:51  Supply Depot  
  93  8:00  Barracks  
  93  8:01  Barracks  
  93  8:12  Marine x3  
  93  8:13  SCV x2, Siege Tank  
  93  8:17  Marine  
  93  8:19  SCV  
  101  8:21  Marine  
  101  8:25  SCV  
  101  8:26  SCV, Medivac  
  101  8:35  Marine x2  
  101  8:39  Supply Depot, Armory  
  101  8:40  Supply Depot  
  101  8:41  Marine x3, Medivac  
  106  8:43  SCV x2  
  106  8:45  Siege Tank  
  98  8:50  Barracks Reactor  
  98  8:51  Barracks Reactor  
  98  8:52  SCV  
  98  8:53  Marine x2  
  97  8:58  Marine, Factory, Medivac  
  97  9:01  Marine x2, Refinery  
  97  9:02  Refinery  
  99  9:04  Sensor Tower  
  98  9:11  SCV, Marine x2, Medivac  
  98  9:12  SCV  
  98  9:13  SCV  
  98  9:16  Marine  
  106  9:18  Marine  
  106  9:19  Siege Tank  
  106  9:23  Marine  
  111  9:26  Marine x2  
  111  9:27  Terran Infantry Weapons Level 2  
  111  9:29  Marine x2  
  115  9:32  Supply Depot  
  115  9:34  Marine  
  115  9:35  Terran Infantry Armor Level 2  
  115  9:37  Marine x3  
  119  9:41  Marine  
  120  9:46  Marine x2  
  120  9:47  Marine x2  
  120  9:49  Command Center  
  120  9:52  Marine, Factory Tech Lab  
  125  9:53  Siege Tank  
  125  9:54  Supply Depot, Marine  
  125  9:56  Supply Depot  
  125  9:57  Supply Depot  
  125  9:59  Supply Depot  
  129  10:15  Marine x2  
  129  10:17  Siege Tank, Medivac x2  
  138  10:21  Marine x4  
  138  10:22  Marine x3  
  138  10:25  Siege Tank  
  148  10:33  Marine  
  149  10:38  Marine  
  149  10:39  Marine x2  
  152  10:42  Marine  
  152  10:43  Marine x2  
  152  10:49  Siege Tank  
  145  10:51  Marine x3  
  145  10:56  Marine  
  146  10:57  Siege Tank, Marine  
  146  11:02  Marine x4  
  151  11:07  SCV x3  
  151  11:08  Planetary Fortress  
  151  11:09  Marine x3  
  151  11:13  Marine  
  151  11:15  Viking x2, Marine  
  157  11:20  Marine x4  
  157  11:21  Siege Tank  
  164  11:27  Marine x3  
  164  11:30  Siege Tank  
  164  11:31  Marine  
  164  11:32  Marine, Terran Vehicle Weapons Level 1  
  171  11:38  Marine x2  
  172  11:42  Supply Depot  
  172  11:43  Supply Depot  
  172  11:44  Marine  
  172  11:45  Marine  
  172  11:46  Marine  
  168  11:48  Marine x2  
  168  11:49  Marine  
  168  11:50  Marine  
  168  11:54  Siege Tank  
  146  11:56  Marine x2  
  145  12:02  Marine  
  145  12:03  Marine  
  145  12:04  Marine  
  145  12:06  Marine x2  
  145  12:07  Marine  
  145  12:08  Marine  
  151  12:13  Marine  
  151  12:14  Siege Tank, Marine  
  151  12:15  Viking  
  153  12:20  Marine  
  152  12:23  SCV x3  
  153  12:35  SCV, Marine x3  
  153  12:36  Marine  
  140  12:39  Viking  
  140  12:40  Marine x2  
  140  12:41  Marine x3  
  124  12:44  SCV  
  124  12:45  Viking  
  124  12:47  SCV  
  124  12:50  Siege Tank  
  119  12:53  Marine x2  
  115  12:58  Barracks  
  115  12:59  Marine x2  
  115  13:00  Barracks  
  117  13:09  Medivac  
  117  13:10  Sensor Tower, Marine  
  117  13:11  Marine x5  
  117  13:12  Siege Tank  
  128  13:15  Medivac  
  128  13:19  Marine  
  134  13:28  Marine x3  
  134  13:32  Orbital Command  
  134  13:35  Marine x5  
  134  13:37  Marine  
  134  13:38  Factory Reactor  
  134  13:39  Sensor Tower  
  140  13:43  SCV x2  
  140  13:44  Siege Tank  
  140  13:45  Marine  
  140  13:46  Marine x2  
  148  13:52  Marine  
  148  13:53  Marine x3  
  148  13:54  Starport  
  157  13:57  SCV x2  
  157  13:58  SCV  
  160  14:07  Marine  
  160  14:08  Marine x4  
  166  14:10  SCV  
Show
View Real Time Build Order
Export as new Build Order

Maru Terran 

Build Orders: 1/1/1, Cyclone Opening 

Get SALT Encoding   

  12  0:00  SCV  
  13  0:12  SCV  
  14  0:17  Supply Depot  
  14  0:24  SCV  
  14  0:27  Refinery  
  15  0:38  SCV  
  16  0:44  Barracks  
  16  0:50  SCV  
  16  0:55  Refinery  
  17  1:03  SCV  
  18  1:15  SCV  
  19  1:31  Orbital Command  
  19  1:32  Reaper  
  20  1:38  Factory  
  20  1:51  Supply Depot  
  20  1:57  SCV  
  21  2:04  Reaper  
  22  2:09  SCV  
  23  2:21  SCV  
  23  2:22  Hellion  
  26  2:24  Starport  
  26  2:33  Supply Depot  
  26  2:34  SCV  
  27  2:37  Barracks Tech Lab  
  27  2:46  SCV  
  27  2:48  Cyclone  
  31  3:13  Command Center  
  31  3:17  Cloaking Field  
  31  3:27  Banshee  
  31  3:34  SCV, Factory Tech Lab  
  34  3:40  Supply Depot  
  35  3:42  Barracks Reactor  
  35  3:48  SCV  
  32  3:56  Cyclone  
  32  4:00  SCV  
  36  4:10  Banshee  
  36  4:14  SCV  
  37  4:20  Marine x2  
  39  4:25  Orbital Command  
  39  4:34  Siege Tank  
  39  4:38  SCV, Marine x2  
  44  4:44  Supply Depot  
  45  4:51  SCV x2  
  47  4:53  Banshee  
  47  4:58  Marine x2  
  47  4:59  Refinery  
  52  5:03  SCV x2  
  52  5:06  Siege Tank  
  57  5:16  Marine x2  
  57  5:17  SCV  
  57  5:18  SCV  
  61  5:33  Command Center  
  61  5:35  SCV  
  62  5:42  Marine x2  
  64  5:43  Siege Tank  
  64  5:46  Supply Depot  
  64  5:47  Raven  
  64  5:49  SCV x2  
  68  5:54  Barracks  
  68  5:55  Barracks  
  68  6:01  SCV x2  
  65  6:13  SCV  
  65  6:17  Marine  
  65  6:18  Engineering Bay, SCV, Marine  
  61  6:19  Engineering Bay  
  61  6:21  Siege Tank  
  65  6:29  SCV  
  65  6:30  Raven  
  65  6:31  SCV  
  69  6:36  Refinery  
  68  6:41  SCV  
  68  6:47  Barracks Reactor, Barracks Tech Lab  
  68  6:48  Barracks Tech Lab  
  68  6:49  Barracks Tech Lab  
  68  6:50  SCV  
  70  6:56  Terran Infantry Weapons Level 1  
  69  7:03  Marine x2  
  69  7:05  SCV  
  69  7:06  Terran Infantry Armor Level 1  
  69  7:08  SCV  
  73  7:17  SCV  
  73  7:20  SCV, Marine  
  76  7:27  Stimpack, Marauder  
  76  7:28  Marauder  
  76  7:29  SCV  
  81  7:32  SCV  
  81  7:33  Starport Reactor, Orbital Command  
  82  7:39  Barracks  
  82  7:41  SCV  
  82  7:42  Barracks, Concussive Shells  
  83  7:44  SCV  
  83  7:49  Supply Depot  
  84  7:53  SCV, Marauder x2  
  84  7:56  SCV  
  90  7:59  SCV  
  90  8:00  Supply Depot  
  90  8:04  Marine x2  
  93  8:09  SCV  
  90  8:14  Medivac x2, Marauder x2  
  90  8:15  SCV  
  98  8:21  SCV  
  98  8:23  Marine x2  
  96  8:32  Barracks Reactor, Combat Shields  
  89  8:35  Marine, Marauder  
  89  8:36  Orbital Command  
  87  8:45  Marine x2  
  87  8:46  Marine  
  82  8:51  Medivac x2  
  82  8:52  SCV  
  82  8:53  Marine  
  83  8:56  Marine  
  83  8:57  Siege Tank  
  83  9:02  SCV x2  
  87  9:03  Marine x2  
  87  9:07  SCV  
  87  9:08  Armory  
  87  9:09  Supply Depot, Marine  
  91  9:10  Marine  
  91  9:12  Barracks Reactor  
  92  9:19  Marine  
  92  9:20  Marine  
  92  9:21  Marine, Medivac x2  
  99  9:25  Refinery  
  99  9:26  Refinery  
  99  9:27  Marine  
  99  9:28  Marine  
  101  9:32  Supply Depot  
  101  9:35  Siege Tank  
  101  9:37  Supply Depot  
  104  9:38  SCV  
  104  9:39  SCV  
  105  9:48  Marine x2  
  105  9:50  Marine x2  
  109  9:53  Marine x4  
  109  9:55  Supply Depot x2  
  109  9:58  Terran Infantry Weapons Level 2  
  113  10:00  Terran Infantry Armor Level 2  
  113  10:05  Marine  
  113  10:06  Marine  
  115  10:08  Siege Tank  
  115  10:09  Marine  
  116  10:16  Marine x4  
  116  10:18  Viking x2  
  116  10:20  Supply Depot  
  124  10:23  Marine x2  
  124  10:24  Marine  
  124  10:27  Marine  
  128  10:28  Missile Turret  
  128  10:30  Supply Depot  
  128  10:31  Supply Depot  
  128  10:42  Siege Tank  
  131  10:43  Marine  
  131  10:47  Marine  
  127  10:50  Marine x2  
  127  10:56  SCV x2  
  122  10:59  Medivac x2  
  125  11:04  Marine x2  
  125  11:05  Marine x4  
  125  11:08  SCV x2  
  133  11:17  SCV  
  134  11:18  Barracks x2  
  134  11:20  SCV, Barracks  
  135  11:26  Marine x2  
  135  11:27  Marine x3  
  140  11:34  Marauder x2  
  140  11:39  Starport  
  144  11:40  Starport  
  144  11:45  Marine x2  
  144  11:46  Marine  
  141  11:47  Marine x2  
  141  11:49  Marine  
  103  11:55  Marine x2  
  103  12:03  Marine x2  
  103  12:04  Marine  
  103  12:05  Marine x4  
  103  12:07  SCV, Marine  
  105  12:12  Marine x3  
  108  12:19  Raven x2  
  108  12:21  Corvid Reactor, Marine x2  
  108  12:22  Marine  
  115  12:28  Marine x2  
  115  12:29  Starport Tech Lab, Marine x2  
  116  12:31  Marine x2  
  116  12:35  Marine x2  
  93  12:39  Marine x2  
  93  12:40  Marine  
  77  12:46  Marine x3  
  77  12:47  Marine  
  77  12:49  Marine x2  
  75  12:56  Marine x2  
  75  12:57  Marine  
  75  13:03  Raven  
  75  13:04  Raven x2  
  81  13:06  SCV  
  81  13:07  SCV x2  
  81  13:12  Marine x2  
  85  13:13  Marine  
  85  13:15  Marine x3  
  85  13:18  SCV  
  91  13:20  Marine  
  91  13:21  Marine x3  
  91  13:25  Marauder  
  97  13:30  Marine  
  98  13:39  Marauder  
  98  13:40  SCV x3  
  103  13:41  Marine x5  
  103  13:43  Marine x2  
  103  13:46  Marauder  
  112  13:50  Marine  
  112  13:53  SCV x3  
  118  13:57  Marine  
  118  13:59  Marine x4  
  118  14:01  Marauder  
  118  14:02  Marine x2  
  127  14:04  Marine  
  127  14:08  Marine  

Tags
 
Add a new tag
Caveats
  • Supply blocks, unpowered buildings, or Contaminate may cause inaccurate times.
  • Supply counts are checked every 10 seconds.